 Dungeon Crawl Stone Soup version 0.30-a0-778-g2ef04afb54 (webtiles) character file.

Game seed: 11105184461339730232

2793 RepoMan the Carver (level 9, -19/45 HPs)
             Began as a Spriggan Warper on Feb 16, 2023.
             Was a Follower of Cheibriados.
             Hit by a large rock thrown by a cyclops (37 damage)
             ... on level 9 of the Dungeon.
             The game lasted 00:56:40 (6702 turns).

RepoMan the Carver (Spriggan Warper)                Turns: 6702, Time: 00:56:41

Health: -19/45     AC:  5    Str:  5    XL:     9   Next: 43%
Magic:  12/14      EV: 26    Int: 16    God:    Cheibriados [*.....]
Gold:   399        SH:  0    Dex: 31    Spells: 10/14 levels left

rFire   . . .      SeeInvis +    e - +2 dagger (elec)
rCold   + . .      Faith    .    (no shield)
rNeg    . . .      Spirit   .    F - +1 robe "Put-Me-On" {rC+ Str-4 Dex+4}
rPois   .          Reflect  .    (helmet restricted)
rElec   .          Harm     .    s - +1 cloak
rCorr   .          Rampage  .    (gloves unavailable)
Will    +....                    (boots unavailable)
Stlth   +++                      l - amulet of regeneration
HPRegen 1.07/turn                b - +6 ring of dexterity
MPRegen 0.14/turn                (no ring)

@: on blink cooldown, quick
A: very small, no large weapons, unfitting armour, see invisible, speed 3
a: Renounce Religion, Bend Time


You were on level 9 of the Dungeon.
You worshipped Cheibriados.
Cheibriados was aware of your devotion.
You visited 1 branch of the dungeon, and saw 9 of its levels.

You collected 399 gold pieces.

Inventory:

Hand Weapons
 e - a +2 dagger of electrocution (weapon)
 v - a +2 vampiric short sword
 w - a +0 scimitar
 y - a +0 shortbow
Missiles
 f - a curare-tipped dart
 h - 4 boomerangs of dispersal
 j - 38 stones (quivered)
 o - 4 boomerangs
Armour
 s - a +1 cloak (worn)
 F - the +1 robe "Put-Me-On" (worn) {rC+ Str-4 Dex+4}
   (You found it on level 7 of the Dungeon)

   Str:       It affects your strength (-4).
   Dex:       It affects your dexterity (+4).
   rC:        It protects you from cold.
Jewellery
 b - a +6 ring of dexterity (left hand)
 l - an amulet of regeneration (around neck)
 u - an amulet of guardian spirit
 G - an amulet of magic regeneration
Scrolls
 c - 2 scrolls of blinking
 d - a scroll of amnesia {unknown}
 g - a scroll of magic mapping
 i - a scroll of poison
 k - a scroll of vulnerability {unknown}
 p - 2 scrolls of teleportation
 A - 2 scrolls of enchant armour
 B - a scroll of acquirement {unknown}
 D - a scroll of summoning {unknown}
Potions
 a - 4 potions of curing
 n - 2 potions of flight
 q - a potion of might {unknown}
 r - 2 potions of resistance
 t - 2 potions of cancellation
 x - a potion of brilliance {unknown}
 z - a potion of mutation {unknown}
 C - 2 potions of attraction
 E - a potion of ambrosia {unknown}


   Skills:
 + Level 3.9 Fighting
 * Level 9.1 Long Blades
 - Level 1.1 Throwing
 + Level 6.9 Dodging
 - Level 3.3 Stealth
 - Level 3.3 Spellcasting
 + Level 5.7 Translocations


You had 10 spell levels left.
You knew the following spells:

 Your Spells              Type           Power      Damage    Failure   Level
b - Blink                 Tloc           42%        N/A       2%          2
l - Lesser Beckoning      Tloc           42%        N/A       2%          2

Your spell library contained the following spells:

 Spells                   Type           Power      Damage    Failure   Level
 Teleport Other           Tloc           21%        N/A       4%          3
 Vhi's Electric Charge    Tloc/Air       22%        N/A       17%         3
 Manifold Assault         Tloc           21%        N/A       17%         4
 Conjure Ball Lightning   Conj/Air       1%         3x3d6     100%        6
 Discord                  Hex            1%         N/A       100%        8
 Disjunction              Tloc           10%        N/A       100%        8


Dungeon Overview and Level Annotations

Branches:
Dungeon (9/15)             Temple (0/1) D:5
   Lair: D:8-11         Orc: D:9-12

Altars:
Ashenzari
Cheibriados
Elyvilon
Hepliaklqana
Vehumet
Xom

Shops:
D:1 (   D:5 [

Annotations:
D:5 exclusions: downstairs and 2 lemures, Pikel
D:6 Grinder
D:8 exclusions: 4 doors and 1 more exclusion, Gastronok, Psyche


Innate Abilities, Weirdness & Mutations

You are very small and have problems with some larger weapons.
You are too small for most types of armour.
You have supernaturally acute eyesight. (SInv)
You cover ground extremely quickly. (Speed+++)


Message History

You throw a curare-tipped dart.
The curare-tipped dart hits the cyclops.
The cyclops looks as sick as possible!
The cyclops convulses.
The cyclops seems to be slow for longer.
The cyclops is moderately wounded.
You barely miss the cyclops.
The cyclops is heavily wounded.
You hit the cyclops.
The cyclops is heavily wounded.
You hit the cyclops.
The cyclops is severely wounded.
The cyclops hits you!!
Ouch! That really hurt!
Press: ? - help, v - describe, . - travel, g - get item
Here: a cyclops, quivering large rocks (severely wounded, extremely poisoned, slow) Item here: 16 gold pieces.
The floor, spattered with blood.
Unknown command.
You aren't carrying any items that you can evoke.
Okay, then.
Unknown command.
Press: ? - help, v - describe, . - travel, g - get item
Here: a cyclops, quivering large rocks (severely wounded, extremely poisoned, slow) Item here: 16 gold pieces.
The floor, spattered with blood.
A cyclops is nearby!
Okay, then.
Cast which spell? (? or * to list)
You blink.
Throw: 2 darts (curare)
Press: ? - help, Shift-Dir - straight line, f/p - cyclops
Aim: a cyclops, quivering large rocks (severely wounded, extremely poisoned, slow, 88% to hit)
You throw a curare-tipped dart.
The curare-tipped dart hits the cyclops.
The cyclops looks as sick as possible!
The cyclops convulses.
The cyclops seems to be slow for longer.
The cyclops is severely wounded.
The cyclops throws a large rock.
The large rock hits you!!!
Ouch! That really hurt!
You die...

##..#. #..##
#.#... ..#.#
#$...###....##
#..$.........##
##............#
#..............
##..............
#....@..ยง....$..
##......C.......
#........(......
#................
..................
.##.....#.........
####.(.#........
###...#......


You could see a cyclops (extremely poisoned, slow).

Vanquished Creatures
  A komodo dragon (D:7)
  A steam dragon (D:7)
  Grum (D:8)
  A sky beast (D:7)
  2 ice beasts
  An ogre (D:7)
  2 wolves
  3 centaurs
  2 kobold brigands
  2 bullfrogs
  2 necrophages
  6 wights
  A howler monkey (D:4)
  5 hounds
  2 wyvern simulacra (D:8)
  2 orc priests
  Terence (D:2)
  2 iguanas
  2 orc wizards
  A centaur simulacrum (D:8)
  A killer bee simulacrum (D:8)
  4 adders
  4 gnolls
  2 shadow imps
  7 white imps
  A howler monkey simulacrum (D:8)
  2 ufetubi
  A worm (D:3)
  2 dart slugs
  19 orcs
  7 endoplasms
  2 giant cockroaches
  5 goblins
  8 hobgoblins
  4 quokkas
  11 ball pythons
  3 bats
  3 frilled lizards
  18 kobolds
  7 rats
151 creatures vanquished.

Vanquished Creatures (others)
  A black bear (D:8)
1 creature vanquished.

Grand Total: 152 creatures vanquished

Notes
Turn   | Place    | Note
-------+----------+-------------------------------------------
     0 | D:1      | RepoMan the Spriggan Warper began the quest for the Orb.
     0 | D:1      | Reached XP level 1. HP: 10/10 MP: 5/5
   284 | D:1      | Reached XP level 2. HP: 15/15 MP: 6/6
   289 | D:1      | Learned a level 2 spell: Blink
   292 | D:1      | Learned a level 2 spell: Lesser Beckoning
   310 | D:1      | Found Jeth's Antique Weapon Shop.
   369 | D:1      | Reached skill level 2 in Long Blades
   860 | D:2      | Reached skill level 1 in Stealth
   906 | D:2      | Noticed Terence
   972 | D:2      | Reached XP level 3. HP: 18/18 MP: 8/8
   988 | D:2      | Killed Terence
  1189 | D:2      | Reached XP level 4. HP: 23/23 MP: 9/9
  1582 | D:3      | Found a white marble altar of Elyvilon.
  2034 | D:3      | Reached skill level 3 in Long Blades
  2297 | D:4      | Found a broken altar of Ashenzari.
  2300 | D:4      | Reached XP level 5. HP: 26/26 MP: 10/10
  2348 | D:4      | Reached skill level 5 in Translocations
  2581 | D:4      | Found a snail-covered altar of Cheibriados.
  2613 | D:4      | Reached XP level 6. HP: 30/30 MP: 11/11
  2625 | D:4      | Reached skill level 4 in Long Blades
  2678 | D:4      | Became a worshipper of Cheibriados the Contemplative
  2998 | D:5      | Entered Level 5 of the Dungeon
  3001 | D:5      | Found a staircase to the Ecumenical Temple.
  3090 | D:5      | Identified the +3 chain mail of the Visions {rCorr Int+2}
  3163 | D:5      | Found Sesisa's Armour Emporium.
  3179 | D:5      | Noticed Pikel
  3275 | D:5      | Reached skill level 5 in Long Blades
  3767 | D:5      | Reached XP level 7. HP: 25/35 MP: 12/12
  3807 | D:6      | You fall into a shaft and drop 2 floors!
  3858 | D:8      | Reached skill level 6 in Long Blades
  3907 | D:8      | Noticed Psyche
  4198 | D:6      | Reached skill level 7 in Long Blades
  4291 | D:6      | Reached XP level 8. HP: 39/39 MP: 13/13
  4422 | D:6      | Found a hazy altar of Hepliaklqana.
  4469 | D:6      | Found a radiant altar of Vehumet.
  4470 | D:6      | Noticed Grinder
  4985 | D:7      | Noticed a komodo dragon
  5046 | D:7      | Killed a komodo dragon
  5047 | D:7      | Reached skill level 8 in Long Blades
  5047 | D:7      | Reached skill level 5 in Dodging
  5456 | D:7      | Reached XP level 9. HP: 44/44 MP: 14/14
  5523 | D:7      | Identified the +1 robe "Put-Me-On" {rC+ Str-4 Dex+4}
  6024 | D:8      | Noticed Grum
  6232 | D:8      | Noticed Gastronok
  6310 | D:8      | Reached skill level 9 in Long Blades
  6320 | D:8      | Reached * piety under Cheibriados
  6379 | D:8      | Killed Grum
  6565 | D:8      | Found a shimmering altar of Xom.
  6695 | D:9      | Noticed a cyclops
  6702 | D:9      | Hit by a large rock thrown by a cyclops

Illustrated notes

Levels and vault maps discovered:
D:1:      dpeg_arrival_round_b, layout_rooms, serial_shops, shop
D:2:      layout_loops_cross, uniq_terence
D:3:      layout_loops_ring, mainiacjoe_overflow_24_doors
D:4:      layout_rooms, lemuel_round_altar, ashenzari_conservatory_becter
D:5:      layout_cave_pods, temple_fountains, serial_shops, nicolae_shop_trees,
          uniq_pikel
D:6:      layout_basic, overflow_temple_1_default, nicolae_vehumet_altar_sigil,
          dk_rats_in_the_wall, uniq_grinder
D:7:      layout_gridville
D:8:      layout_basic, tgw_xom, serial_ice, serial_ice_g, serial_ice_c,
          serial_ice_k, serial_ice_d, serial_ice_m, serial_ice_a, serial_ice_n,
          serial_ice_f, serial_ice_b, serial_ice_o, uniq_psyche, uniq_grum,
          uniq_gastronok
D:9:      layout_cave_pods, dpeg_oklobed_lair, david_orc_3, nicolae_diode_basic,
          uniq_erica

Skill      XL: |  1  2  3  4  5  6  7  8  9 |
---------------+----------------------------+-----
Long Blades    | 2 3 5 7 8 9 |  9.1
Spellcasting   | 3 |  3.3
Stealth        | 1 2 3 |  3.3
Fighting       | 2 3 |  3.9
Translocations | 5 |  5.7
Dodging        | 5 6 |  6.9
Throwing       | |  1.1

Action                     |  1- 3 |  4- 6 |  7- 9 || total
---------------------------+-------+-------+-------++-------
  Melee: Falchion          |    51 |    16 |       ||    67
         Dagger            |    76 |       |   141 ||   217
         Punch             |     1 |     8 |     9 ||    18
         Short sword       |    14 |   294 |   227 ||   535
         Scimitar          |       |       |     3 ||     3
   Fire: Shortbow          |       |       |     6 ||     6
  Throw: Stone             |    14 |     7 |    17 ||    38
         Boomerang         |     3 |       |     6 ||     9
         Dart              |     2 |     1 |    11 ||    14
         Throwing net      |       |       |     2 ||     2
   Cast: Blink             |       |       |     1 ||     1
  Evoke: Wand              |       |       |     4 ||     4
    Use: Scroll            |       |     3 |     7 ||    10
         Potion            |       |       |     2 ||     2
   Stab: Sleeping          |     3 |     2 |     4 ||     9
         Invisible         |       |       |     1 ||     1
         Held in net/web   |       |       |     1 ||     1
         Distracted        |       |       |     1 ||     1
 Armour: Robe              |    10 |    30 |    25 ||    65
  Dodge: Dodged            |    97 |   227 |   266 ||   590

Table legend: (Time is in decaauts)
 A = Elapsed time spent in this place.
 B = Non-inter-level travel time spent in this place.
 C = Inter-level travel time spent in this place.
 D = Time resting spent in this place.
 E = Time spent auto-exploring this place.
 F = Levels seen in this place.
 G = Mean time per level.
                   A        B        C        D        E       F      G
               +--------+--------+--------+--------+--------+-----+--------+
         Total |   5485 |   5129 |    356 |    205 |   2302 |   9 |  609.4 |
       Dungeon |   5485 |   5129 |    356 |    205 |   2302 |   9 |  609.4 |
               +--------+--------+--------+--------+--------+-----+--------+

Top non-repeatable levels by time:
     D:7: 1084 daAuts
     D:8: 918 daAuts
     D:5: 725 daAuts
     D:1: 608 daAuts
     D:3: 601 daAuts
     D:6: 588 daAuts
     D:4: 523 daAuts
     D:2: 430 daAuts
     D:9: 5 daAuts
